 Dungeon Crawl Stone Soup version 0.18.1-50-g88ac8fd (webtiles) character file.

480 Dioneo the Cutter (level 7, -8/44 HPs)
             Began as a Halfling Assassin on Oct 26, 2016.
             Killed from afar by Blork the orc (11 damage)
             ... with a puff of flame
             ... on level 4 of the Dungeon.
             The game lasted 00:12:13 (4811 turns).

Dioneo the Cutter (Halfling Assassin)               Turns: 4811, Time: 00:12:13

Health: -8/44      AC:  3    Str: 11    XL:     7   Next: 34%
Magic:  7/7        EV: 14    Int: 10    God:
Gold:   186        SH:  0    Dex: 18    Spells: 0 memorised, 6 levels left

rFire  . . .     SeeInvis .     b - +0 blowgun
rCold  . . .     Gourm    .     c - +0 robe
rNeg   . . .     Faith    .     (shield restricted)
rPois  .         Spirit   .     (no helmet)
rElec  .         Dismiss  .     d - +0 cloak
rCorr  .         Reflect  .     (no gloves)
SustAt .         Harm     .     (no boots)
MR     .....                    (no amulet)
Stlth  ++++......               (no ring)
                                (no ring)

@: flying, invisible, not resistant to hostile enchantments, stealthy
A: mutation resistance 1
a: no special abilities


You were on level 4 of the Dungeon.
You were not hungry.

You visited 1 branch of the dungeon, and saw 4 of its levels.

You collected 186 gold pieces.

Inventory:

Hand Weapons
 a - a +2 dagger
 b - a +0 blowgun (weapon)
 u - a +2 short sword of speed
Missiles
 e - 14 poisoned needles (quivered)
 f - 2 curare-tipped needles
Armour
 c - a +0 robe (worn)
 d - a +0 cloak (worn)
Wands
 o - a wand of digging (9/24)
Scrolls
 i - a scroll of random uselessness {unknown}
 j - 2 scrolls of identify {unknown}
 k - 2 scrolls of teleportation
 m - a scroll of blinking {unknown}
 t - 2 scrolls of amnesia {unknown}
 v - a scroll of remove curse
Potions
 n - a potion of flight
 p - a potion of cancellation {unknown}
 q - a potion of agility {unknown}
 r - a potion of magic {unknown}
 x - a potion of haste {unknown}
Comestibles
 g - 3 bread rations
 s - a meat ration
 w - 3 fruits


   Skills:
 - Level 1.7 Fighting
 + Level 7.4 Short Blades
 - Level 2.1 Throwing
 - Level 1.1 Dodging
 + Level 7.3 Stealth


You had 6 spell levels left.
You didn't know any spells.

Dungeon Overview and Level Annotations

Branches:
Dungeon (4/15)
 Temple: D:4-7

Altars:
Ashenzari
Dithmenos
Vehumet

Annotations:
D:4 Blork the orc


Innate Abilities, Weirdness & Mutations

You are small and have problems with some larger weapons.
You are somewhat resistant to further mutation.


Message History

A magic dart appears from out of thin air!
The magic dart hits you!
A puff of flame appears from out of thin air!
The puff of flame hits you!
* * * LOW HITPOINT WARNING * * *
A puff of frost appears from out of thin air!
The puff of frost misses you.
A puff of flame appears from out of thin air!
The puff of flame hits you!
* * * LOW HITPOINT WARNING * * *
Drink which item? (? for menu, Esc to quit)
It was a potion of flight.
You feel very buoyant.
You fly up into the air.
Drink which item? (? for menu, Esc to quit)
It was a potion of invisibility.
You fade into invisibility!
A puff of flame appears from out of thin air!
The puff of flame hits you!
You die...

#.#.#.#...## #.......###.....
#.((.....#####..#.#..#.<.....
###(...#.....................
#(##.#..#.####.....#.##....
#(.........# ###.#.#.###...
#..#.#.#.#.# #.#.#.# #..#
#(.........# #.#.#># #...
#..#.#.#.#.#####.#.#.####.#
#.........@...............#
#..#.#.#.#.#########.######
#..........# #.######
#..#.#.#.#.# #.......
#..........# ########
#.....###### #######


There were no monsters in sight!

Vanquished Creatures
  An ogre (D:4)
  2 hounds
  A centaur skeleton (D:4)
  An orc priest (D:4)
  Terence (D:2)
  2 iguanas (D:4)
  The ghost of SaintRoka the Ducker, a weakling SpTm (D:4)
  4 gnolls (D:4)
  6 adders
  A shadow imp (D:4)
  An ooze (D:2)
  A worm (D:2)
  2 dart slugs
  2 giant geckos (D:3)
  12 orcs
  4 giant cockroaches
  5 hobgoblins
  3 jackals (D:2)
  6 kobolds
  A quokka (D:4)
  A ball python (D:3)
  6 bats
  4 giant newts
  7 goblins
  8 rats
83 creatures vanquished.

Notes
Turn   | Place    | Note
--------------------------------------------------------------
     0 | D:1      | Dioneo the Halfling Assassin began the quest for the Orb.
     0 | D:1      | Reached XP level 1. HP: 14/14 MP: 1/1
   134 | D:1      | Reached XP level 2. HP: 8/19 MP: 2/2
   833 | D:2      | Noticed Terence
   876 | D:2      | Killed Terence
   876 | D:2      | Reached skill level 5 in Stealth
   876 | D:2      | Reached XP level 3. HP: 24/24 MP: 3/3
   964 | D:2      | Reached XP level 4. HP: 15/29 MP: 4/4
  1259 | D:2      | Found a radiant altar of Vehumet.
  1302 | D:2      | Found a shadowy altar of Dithmenos.
  1848 | D:2      | Reached skill level 5 in Short Blades
  2044 | D:2      | Found a shattered altar of Ashenzari.
  2061 | D:2      | Reached XP level 5. HP: 22/34 MP: 5/5
  3670 | D:4      | Reached XP level 6. HP: 35/39 MP: 6/6
  3873 | D:4      | Noticed SaintRoka's ghost (weakling SpTm)
  3886 | D:4      | Killed SaintRoka's ghost
  4343 | D:4      | Noticed an ogre
  4464 | D:4      | Killed an ogre
  4464 | D:4      | Reached XP level 7. HP: 21/44 MP: 7/7
  4772 | D:4      | Noticed Blork the orc
  4807 | D:4      | HP: 2/44 [something/puff of flame (5)]
  4811 | D:4      | Killed from afar by Blork the orc

Skill      XL: |  1  2  3  4  5  6 |
---------------+-------------------+-----
Short Blades   | 3 4 5 7 |  7.4
Stealth        | 5 6 7 |  7.3
Fighting       | |  1.7
Throwing       | |  2.1
Dodging        | |  1.1

Action                   |  1- 3 |  4- 6 |  7- 9 || total
-------------------------+-------+-------+-------++-------
Melee: Dagger            |    67 |   159 |    25 ||   251
       Short sword       |       |    73 |     7 ||    80
 Fire: Blowgun           |     9 |    25 |     9 ||    43
  Use: Scroll            |       |     3 |       ||     3
       Potion            |       |     2 |     2 ||     4
 Stab: Sleeping          |     3 |     8 |     1 ||    12
  Eat: Chunk             |       |    11 |     1 ||    12
Armor: Robe              |    15 |    26 |     2 ||    43
Dodge: Dodged            |    67 |   118 |    21 ||   206
